 Dungeon Crawl Stone Soup version 0.21.1-1-g345015f (webtiles) character file.

63 Mirai the Skirmisher (level 3, -1/29 HPs)
             Began as a Demonspawn Fighter on Mar 14, 2018.
             Slain by Natasha (5 damage)
             ... on level 2 of the Dungeon.
             The game lasted 00:03:26 (1342 turns).

Mirai the Skirmisher (Demonspawn Fighter)           Turns: 1342, Time: 00:03:27

Health: -1/29      AC:  6    Str: 17    XL:     3   Next: 87%
Magic:  3/3        EV:  7    Int:  9    God:
Gold:   67         SH:  8    Dex: 12    Spells: 2/2 levels left

rFire    . . .     SeeInvis .   a - +1 war axe (freeze)
rCold    . . .     Gourm    .   c - +0 shield
rNeg     . . .     Faith    .   b - +0 scale mail
rPois    .         Spirit   .   (no helmet)
rElec    .         Reflect  .   (no cloak)
rCorr    .         Harm     .   (no gloves)
MR       .....                  (no boots)
Stlth    ..........             (no amulet)
HPRegen  0.09/turn              (no ring)
MPRegen  0.08/turn              (no ring)

@: no status effects
A: hooves 1, rot immunity
a: no special abilities


You were on level 2 of the Dungeon.
You were hungry.

You visited 1 branch of the dungeon, and saw 2 of its levels.

You collected 67 gold pieces.

Inventory:

Hand Weapons
 a - a +1 war axe of freezing (weapon)
Armour
 b - a +0 scale mail (worn)
 c - a +0 shield (worn)
Wands
 o - a wand of polymorph (14)
Scrolls
 e - a scroll of fog {unknown}
 h - 7 scrolls of identify {unknown}
 i - 4 scrolls of teleportation {unknown}
 j - a scroll of enchant armour {unknown}
 k - a scroll of enchant weapon {unknown}
 m - a scroll of blinking {unknown}
Potions
 d - 2 potions of might
 g - a potion of haste {unknown}
 l - a potion of agility {unknown}
 n - 2 potions of curing {unknown}
Comestibles
 f - 5 rations


   Skills:
 * Level 3.6 Fighting
 + Level 2.6 Axes
 + Level 3.0 Armour
 * Level 1.1 Dodging
 - Level 2.6 Shields


You had 2 spell levels left.
You didn't know any spells.

Dungeon Overview and Level Annotations

Branches:
Dungeon (2/15)

Altars:

Annotations:
D:2 Natasha


Innate Abilities, Weirdness & Mutations

You have large cloven feet.
You are immune to rotting.


Message History

You miss Natasha.
Natasha is severely wounded.
Natasha claws you but does no damage.
You closely miss Natasha.
Natasha is severely wounded.
Your shield prevents you from hitting the white imp.
Natasha claws you. The white imp hits you. The white imp freezes you.
Natasha barely misses you. You block the white imp's attack.
You closely miss Natasha.
Natasha is severely wounded.
You slash the white imp! Natasha barely misses you.
The white imp gestures at you. The puff of frost hits you!
* * * LOW HITPOINT WARNING * * *
You barely miss Natasha. You kick Natasha, but do no damage.
Natasha is severely wounded.
You completely miss the white imp. Natasha closely misses you.
The white imp gestures at you. You block the puff of frost. Natasha claws you.
You die...

######## #......#
#.####.#
#############.####.#####
#.......#...............
#.......#.###.##.#.#####
#.....h5#.# #.#....#
#......@..# #......#
#.......### ###...##
#.!.....# ##.##
#........ #.# #
##.#.###. #.# # # #. .#
##'## #### # .#
##...###... .#
##.....##.##
##.......#.##


You could see Natasha and a white imp.

Vanquished Creatures
  2 adders (D:2)
  2 worms (D:2)
  2 dart slugs (D:1)
  A leopard gecko (D:1)
  A giant cockroach (D:1)
  3 goblins
  2 hobgoblins (D:1)
  A quokka (D:2)
  7 bats
  8 kobolds
  7 rats
36 creatures vanquished.

Notes
Turn   | Place    | Note
-------+----------+-------------------------------------------
     0 | D:1      | Mirai the Demonspawn Fighter began the quest for the Orb.
     0 | D:1      | Reached XP level 1. HP: 18/18 MP: 1/1
   122 | D:1      | Gained mutation: You have large cloven feet. [demonic ancestry]
   122 | D:1      | Reached XP level 2. HP: 24/24 MP: 2/2
   616 | D:2      | Gained mutation: You are immune to rotting. [demonic ancestry]
   616 | D:2      | Reached XP level 3. HP: 29/29 MP: 3/3
   967 | D:2      | Reached skill level 1 in Dodging
  1318 | D:2      | Noticed Natasha
  1342 | D:2      | Slain by Natasha

Skill      XL: |  1  2  3 |
---------------+----------+-----
Axes           | 2 |  2.6
Dodging        | 1 |  1.1
Armour         | 3 |  3.0
Fighting       | |  3.6
Shields        | |  2.6

Action                   || total
-------------------------++-------
Melee: War axe           ||   123
       Kick              ||    22
  Eat: Chunk             ||     1
Armor: Scale mail        ||    60
Dodge: Dodged            ||    54
Block: Shield            ||    65
